 Dungeon Crawl Stone Soup version 0.23.2-33-g5129a83184 (webtiles) character file.

Game seed: 2435973142850212688

6383 FishyPogo the Covert (level 10, -6/53 HPs)
             Began as a Vine Stalker Assassin on Aug 4, 2019.
             Was an Elder of Makhleb.
             Mangled by a troll (15 damage)
             ... on level 9 of the Dungeon.
             The game lasted 01:02:33 (9017 turns).

FishyPogo the Covert (Vine Stalker Assassin)        Turns: 9017, Time: 01:02:34

Health: -6/53      AC:  9    Str: 14    XL:     10   Next: 97%
Magic:  0/15       EV: 15    Int: 13    God:    Makhleb [****..]
Gold:   524        SH:  0    Dex: 17    Spells: 12/15 levels left

rFire    . . .     SeeInvis .   a - +5 long sword (freeze)
rCold    . . .     Gourm    .   (no shield)
rNeg     . . .     Faith    +   y - +3 leather armour {MR+}
rPois    .         Spirit   +   q - +0 helmet (curse)
rElec    .         Reflect  .   F - +1 cloak
rCorr    .         Harm     .   (no gloves)
MR       ++...                  (no boots)
Stlth    ++++......             w - amulet of faith
HPRegen  0.57/turn              E - ring of flight
MPRegen  0.14/turn              (no ring)

@: no status effects
A: fangs 3, clever 1, clumsy 1, regeneration 1, magic shield, antimagic bite, no
potion heal 3, rot immunity, MP-powered wands
a: Minor Destruction, Lesser Servant of Makhleb, Major Destruction, Renounce
Religion, Evoke Flight


You were on level 9 of the Dungeon.
You worshipped Makhleb.
Makhleb was greatly pleased with you.
You were not hungry.

You visited 2 branches of the dungeon, and saw 10 of its levels.

You collected 524 gold pieces.

Inventory:

Hand Weapons
 a - a +5 long sword of freezing (weapon)
 b - a +1 blowgun
 i - a +0 spear of flaming
Missiles
 e - 23 poisoned needles
 f - 6 curare-tipped needles
 j - 280 stones (quivered)
Armour
 d - a +0 cloak
 q - a cursed +0 helmet (worn)
 u - a +0 robe of fire resistance
 y - a +3 leather armour of magic resistance (worn)
 F - a +1 cloak (worn)
Jewellery
 w - an amulet of faith (around neck)
 E - a ring of flight (left hand)
Wands
 x - a wand of disintegration (23)
 A - a wand of random effects (14)
 C - a wand of digging (6)
 I - a wand of polymorph (10)
Scrolls
 h - a scroll of fog
 k - a scroll of blinking
 m - a scroll of immolation {unknown}
 n - 13 scrolls of identify
 o - 3 scrolls of remove curse
 r - 2 scrolls of magic mapping
 s - a scroll of random uselessness {unknown}
 t - a scroll of noise {unknown}
 v - a scroll of amnesia {unknown}
 z - a scroll of holy word {unknown}
 G - 2 scrolls of teleportation {unknown}
 H - a scroll of torment {unknown}
Potions
 c - a potion of resistance
 l - a potion of berserk rage
 p - a potion of ambrosia
 B - a potion of degeneration
 D - 2 potions of haste
 K - a potion of curing
Comestibles
 g - 12 rations
 J - 2 chunks of flesh


   Skills:
 + Level 6.2 Fighting
   Level 5.0(6.5) Short Blades
 * Level 6.3(7.1) Long Blades
 - Level 2.0 Throwing
 - Level 3.1 Armour
 - Level 6.1 Dodging
 - Level 9.0 Stealth
 - Level 3.0 Spellcasting
 * Level 5.2 Hexes


You had 12 spell levels left.
You knew the following spells:

 Your Spells              Type           Power        Failure   Level  Hunger
a - Confuse               Hex            ###.....     10%         3    ###....

Your spell library contained the following spells:

 Spells                   Type           Power        Failure   Level  Hunger
 Confusing Touch          Hex            ###...       3%          1    #......
 Beastly Appendage        Tmut           #.....       28%         1    #......
 Sticks to Snakes         Tmut           #.......     38%         2    ###....
 Gell's Gravitas          Tloc           #.........   63%         3    ###....
 Spider Form              Tmut/Pois      #.........   63%         3    ###....
 Ice Form                 Ice/Tmut       #.......     95%         4    #####..
 Petrify                  Tmut/Erth      #.......     95%         4    #####..
 Metabolic Englaciation   Hex/Ice        #.........   95%         5    ######.
 Yara's Violent Unravell  Hex/Tmut       #.........   95%         5    ######.
 Blade Hands              Tmut           #.........   100%        5    ######.


Dungeon Overview and Level Annotations

Branches:
Dungeon (9/15)             Temple (1/1) D:5
   Lair: D:8-11         Orc: D:9-12

Altars:
Ashenzari
Cheibriados
Dithmenos
Elyvilon
Fedhas
Gozag
Hepliaklqana
Kikubaaqudgha
Makhleb
Nemelex Xobeh
Okawaru
Qazlal
Ru
Sif Muna
Trog
Uskayaw
Vehumet
Wu Jian
Xom
Yredelemnul
Zin
The Shining One

Shops:
D:4 }   D:9 !


Innate Abilities, Weirdness & Mutations

You have razor-sharp teeth.
Your natural rate of healing is unusually fast.
When hurt, damage is shared between your health and your magic reserves.
Your bite disrupts and absorbs the magic of your enemies.
Potions cannot restore your health.
You are immune to rotting.
Your mind is acute. (Int +2)
You are clumsy. (Dex -2)
You expend magic power (3 MP) to strengthen your wands.


Message History

The troll claws you but does no damage.
You closely miss the troll.
The troll is moderately wounded.
The troll bites you!
The hound barks!
The troll completely misses you. The troll closely misses you.
You hit the troll. You freeze the troll. You bite the troll!
You drain its power.
You feel invigorated.
The troll is heavily wounded.
The troll bites you! The troll barely misses you.
The troll completely misses you.
You slash the troll! You freeze the troll.
You bite the troll, but do no damage.
The troll is severely wounded.
The troll bites you!
* * * LOW HITPOINT WARNING * * *
The troll misses you. The troll claws you.
* * * LOW HITPOINT WARNING * * *
The troll bites you!!
You die...

...............#........
........................
.............#.#.#.#....
#.#.....................
......∩.∩....#.#.#.#....
#.#.....................
....#h∩)∩....#(#.#.#....
#.#...$.................
......T@.....#.#.#.#....
##.....#...........^..#.
#####.#........########
###....##### ##.### ###


You could see a troll and a hound.

Vanquished Creatures
  A two-headed ogre (D:9)
  Joseph (D:7)
  A hungry ghost (D:8)
  A water moccasin (D:9)
  4 orc warriors
  3 black bears
  4 sky beasts
  4 ice beasts
  3 ogres (D:6)
  5 centaurs
  4 bullfrogs
  2 water moccasin zombies
  3 scorpions
  15 killer bees
  15 wights
  3 howler monkeys
  3 crimson imps
  A bullfrog zombie (D:9)
  4 hounds
  An orc priest (D:6)
  A jelly (D:5)
  A bullfrog skeleton (D:5)
  9 orc wizards
  3 iguanas
  11 worker ants
  A howler monkey zombie (D:6)
  12 gnolls
  2 worker ant zombies
  10 adders
  2 shadow imps
  3 oozes
  2 adder skeletons
  2 adder zombies
  3 worms
  4 leopard geckos
  39 orcs
  6 giant cockroaches
  3 goblins
  4 hobgoblins
  4 jackals
  4 quokkas
  A ball python (D:7)
  6 bats
  A frilled lizard (D:2)
  13 kobolds
  A quokka skeleton (D:8)
  A quokka zombie (D:6)
  10 rats
237 creatures vanquished.

Notes
Turn   | Place    | Note
-------+----------+-------------------------------------------
     0 | D:1      | FishyPogo the Vine Stalker Assassin began the quest for the
                  | Orb.
     0 | D:1      | Reached XP level 1. HP: 11/11 MP: 2/2
    82 | D:1      | Reached skill level 5 in Stealth
   100 | D:1      | Reached XP level 2. HP: 10/15 MP: 1/3
   114 | D:1      | Reached skill level 1 in Dodging
   623 | D:2      | Reached XP level 3. HP: 18/18 MP: 4/4
  1290 | D:2      | Gained mutation: Your natural rate of healing is unusually
                  | fast. [Vine Stalker growth]
  1290 | D:2      | Reached XP level 4. HP: 12/23 MP: 5/5
  1422 | D:2      | Noticed an ogre
  2080 | D:3      | Found an ornate altar of the Wu Jian Council.
  2374 | D:4      | Reached skill level 6 in Stealth
  2374 | D:4      | Reached XP level 5. HP: 27/27 MP: 6/6
  2638 | D:4      | Noticed a sky beast
  2676 | D:4      | You fall through a shaft!
  2676 | D:5      | Entered Level 5 of the Dungeon
  2689 | D:5      | Learned a level 3 spell: Confuse
  2786 | D:5      | Noticed an ice beast
  2964 | D:5      | Reached XP level 6. HP: 26/32 MP: 5/7
  3081 | D:5      | Reached skill level 1 in Spellcasting
  3165 | D:5      | Found a staircase to the Ecumenical Temple.
  3278 | D:5      | Reached skill level 1 in Hexes
  3378 | D:5      | Reached skill level 7 in Stealth
  3747 | D:4      | Reached XP level 7. HP: 28/35 MP: 8/10
  3872 | D:4      | Found Woacve's Gadget Shoppe.
  4618 | Temple   | Entered the Ecumenical Temple
  4727 | Temple   | Became a worshipper of Makhleb the Destroyer
  4970 | D:5      | Reached skill level 1 in Armour
  4970 | D:5      | Gained mutation: You have razor-sharp teeth. [Vine Stalker
                  | growth]
  4970 | D:5      | Reached XP level 8. HP: 22/40 MP: 7/12
  5283 | D:6      | Reached skill level 8 in Stealth
  5678 | D:6      | Reached * piety under Makhleb
  5904 | D:6      | Reached XP level 9. HP: 38/45 MP: 14/14
  5937 | D:5      | Reached skill level 5 in Short Blades
  6207 | D:6      | Gained mutation: You are clumsy. (Dex -2) [potion of
                  | mutation]
  6207 | D:6      | Gained mutation: You expend magic power (3 MP) to
                  | strengthen your wands. [potion of mutation]
  6207 | D:6      | Gained mutation: Your mind is acute. (Int +2) [potion of
                  | mutation]
  6329 | D:6      | Reached ** piety under Makhleb
  6422 | D:6      | Reached skill level 1 in Long Blades
  6711 | D:7      | Noticed Joseph
  6730 | D:7      | Killed Joseph
  6782 | D:7      | Reached skill level 5 in Fighting
  6980 | D:7      | Reached *** piety under Makhleb
  7018 | D:7      | Reached XP level 10. HP: 42/51 MP: 12/15
  7498 | D:8      | Reached skill level 5 in Dodging
  7514 | D:8      | Reached skill level 5 in Long Blades
  7517 | D:8      | HP: 1/52 [killer bee (7)]
  7787 | D:8      | Reached **** piety under Makhleb
  8772 | D:9      | Noticed a two-headed ogre
  8810 | D:9      | Killed a two-headed ogre
  8810 | D:9      | Reached skill level 5 in Hexes
  8989 | D:9      | Found Bugias's Distillery.
  9004 | D:9      | Reached skill level 9 in Stealth
  9017 | D:9      | Mangled by a troll

Skill      XL: |  1  2  3  4  5  6  7  8  9 10 |
---------------+-------------------------------+-----
Stealth        | 5 6 7 8 9 |  9.0
Short Blades   | 2 3 4 5 |  5.0
Dodging        | 1 2 4 6 |  6.1
Fighting       | 2 3 4 5 6 |  6.2
Throwing       | 2 |  2.0
Spellcasting   | 1 2 3 |  3.0
Hexes          | 1 2 4 5 |  5.2
Armour         | 1 2 3 |  3.1
Long Blades    | 4 6 |  6.3

Action                   |  1- 3 |  4- 6 |  7- 9 | 10-12 || total
-------------------------+-------+-------+-------+-------++-------
Melee: Dagger            |    59 |   175 |   372 |       ||   606
       Bite              |    27 |    75 |   190 |    67 ||   359
       Whip              |    34 |    50 |       |       ||    84
       Long sword        |       |       |   125 |   196 ||   321
 Fire: Hunting sling     |     7 |       |       |       ||     7
       Blowgun           |       |     1 |    25 |     6 ||    32
Throw: Stone             |     1 |    18 |     8 |       ||    27
 Cast: Confuse           |       |       |    17 |     3 ||    20
  Use: Scroll            |       |     5 |       |     1 ||     6
       Potion            |       |     2 |     4 |     3 ||     9
 Stab: Sleeping          |    10 |     9 |     6 |    10 ||    35
       Distracted        |       |       |     1 |       ||     1
       Confused          |       |       |     1 |       ||     1
  Eat: Chunk             |     1 |     8 |    14 |     9 ||    32
Armor: Robe              |    13 |     2 |       |       ||    15
       Leather armour    |       |    31 |   130 |    78 ||   239
Dodge: Dodged            |    45 |    94 |   220 |   163 ||   522
       Rpst.: Long sword |       |       |    18 |    43 ||    61
